 Dungeon Crawl Stone Soup version 0.29-a0-322-g68df515428 (webtiles) character file.

Game seed: 18123934960238789948

1250 kae the Firebug (level 8, -8/41 HPs)
             Began as a Tengu Fire Elementalist on Apr 5, 2022.
             Was an Initiate of Vehumet.
             Mangled by a manticore (20 damage)
             ... on level 6 of the Dungeon.
             The game lasted 00:05:29 (7495 turns).

kae the Firebug (Tengu Fire Elementalist)           Turns: 7495, Time: 00:05:29

Health: -8/41      AC: 10    Str:  9    XL:     8   Next: 50%
Magic:  15/15      EV: 12    Int: 18    God:    Vehumet [......]
Gold:   263        SH:  0    Dex: 18    Spells: 9/15 levels left

rFire   . . .      SeeInvis +   e - +0 short sword
rCold   . . .      Faith    .   (no shield)
rNeg    . . .      Spirit   .   v - +1 scale mail "Dathroz" {Dex+4 Stlth+}
rPois   .          Reflect  .   (helmet restricted)
rElec   .          Harm     .   w - +2 cloak
rCorr   .          Rampage  .   (no gloves)
Will    .....                   (boots unavailable)
Stlth   +++.......              q - amulet of magic regeneration
HPRegen 0.13/turn               j - ring of see invisible
MPRegen 0.54/turn               (no ring)

@: mighty, spiked, flying quickly and evasively, quick
A: beak, talons 3, nimble flight
a: Renounce Religion


You were on level 6 of the Dungeon.
You worshipped Vehumet.
Vehumet was noncommittal.
You visited 2 branches of the dungeon, and saw 7 of its levels.

You collected 413 gold pieces.
You spent 150 gold pieces at shops.

Inventory:

Hand Weapons
 e - a +0 short sword (weapon)
Armour
 a - a +1 robe
 r - a scarf of invisibility
 v - the +1 scale mail "Dathroz" (worn) {Dex+4 Stlth+}
   (You found it on level 5 of the Dungeon)

   Dex:       It affects your dexterity (+4).
   Stlth:     It makes you more stealthy.
 w - a +2 cloak (worn)
Jewellery
 i - an amulet of guardian spirit
 j - a ring of see invisible (left hand)
 q - an amulet of magic regeneration (around neck)
 x - a +4 ring of evasion
Wands
 f - a wand of iceblast (1)
Scrolls
 l - a scroll of teleportation
 m - a scroll of identify
 o - a scroll of fear
 s - 2 scrolls of blinking
 u - a scroll of amnesia
Potions
 b - 2 potions of magic
 c - 2 potions of brilliance
 d - 2 potions of attraction
 g - 4 potions of curing
 h - a potion of might
 k - 2 potions of haste
 n - 2 potions of ambrosia
 p - a potion of cancellation {unknown}
 t - a potion of mutation {unknown}
 z - a potion of degeneration {unknown}


   Skills:
 + Level 5.3 Dodging
 + Level 5.1 Stealth
 + Level 4.4 Spellcasting
 + Level 5.8 Conjurations
 + Level 5.9 Fire Magic


You had 9 spell levels left.
You knew the following spells:

 Your Spells              Type           Power      Damage    Failure   Level
a - Foxfire               Conj/Fire      100%       2x1d9     11%         1
b - Scorch                Fire           50%        2d7       16%         2
c - Conjure Flame         Conj/Fire      25%        6-21      32%         3

Your spell library contained the following spells:

 Spells                   Type           Power      Damage    Failure   Level
 Flame Wave               Conj/Fire      25%        2d7       71%         4
 Inner Flame              Hex/Fire       14%        N/A       73%         3
 Beastly Appendage        Tmut           6%         N/A       77%         1
 Sublimation of Blood     Necr           3%         N/A       88%         2
 Wereblood                Tmut           3%         N/A       88%         2
 Confusing Touch          Hex            3%         N/A       98%         3
 Spider Form              Tmut/Pois      3%         N/A       98%         3
 Summon Lightning Spire   Summ/Air       3%         N/A       100%        4
 Yara's Violent Unravell  Hex/Tmut       1%         3d3       100%        5
 Enfeeble                 Hex            1%         N/A       100%        7
 Storm Form               Tmut/Air       1%         N/A       100%        7
 Summon Hydra             Summ           1%         N/A       100%        7
 Maxwell's Capacitive Co  Air            1%         ∞         100%        8


Dungeon Overview and Level Annotations

Branches:
Dungeon (6/15)             Temple (1/1) D:5

Altars:
Cheibriados
Dithmenos
Elyvilon
Gozag
Hepliaklqana
Kikubaaqudgha
Makhleb
Nemelex Xobeh
Okawaru
Qazlal
Sif Muna
Trog
Uskayaw
Vehumet
Wu Jian
Yredelemnul
Zin
The Shining One

Shops:
D:2 :   D:4 !   D:5 [[[   D:6 *([

Annotations:
D:2 Terence


Innate Abilities, Weirdness & Mutations

You have a beak for a mouth.
You have claws for feet.
Your magical nature lets you fly swiftly and evasively.


Message History

You puncture the orc wizard!
You kill the orc wizard!
Vehumet accepts your kill.
The iron imp disappears in a puff of smoke!
You bump into the rock wall.
The kobold demonologist hits you with a +0 dagger.
You bump into the rock wall.
You feel less confused.
The kobold demonologist closely misses you.
You completely miss the kobold demonologist.
Your kick misses the kobold demonologist.
The kobold demonologist is lightly wounded.
The kobold demonologist hits you but does no damage.
You hit the kobold demonologist. You claw the kobold demonologist!
Your peck misses the kobold demonologist.
The kobold demonologist is heavily wounded.
The kobold demonologist hits you but does no damage. x2
You hit the kobold demonologist. You claw the kobold demonologist!
You peck the kobold demonologist!
You kill the kobold demonologist!
Vehumet accepts your kill.
The iron imp disappears in a puff of smoke!
The quasit disappears in a puff of smoke!
Your Stealth skill increases to level 5!
Items here: )) [[ †.
Your magical contamination has completely faded away.
A manticore comes into view.
The manticore flicks its tail.
The volley of spikes hits you!
The barbed spikes become lodged in your body.
The barbs in your skin will harm you if you move.
Continue?
Okay, then.
The barbs in your skin will harm you if you move.
Continue?
The barbed spikes dig painfully into your body as you move.
The manticore bites you but does no damage.
The manticore claws you!
* * * LOW HITPOINT WARNING * * *
The manticore closely misses you.
You feel better. The manticore bites you!!
You die...

# ## .##. # #.. #.#.#
#H@#### #.##.#.# ######
# ##.# .....# ####.##
.....# ##..)..# .....#
#.(##### ###### #.##
##############.#########
........................


You could see a manticore.

Vanquished Creatures
  A kobold demonologist (D:6)
  2 ice beasts (D:6)
  A phantom (D:5)
  4 scorpions
  An electric eel (D:6)
  A jelly (D:6)
  A hound (D:5)
  An orc priest (D:5)
  An iguana (D:5)
  9 orc wizards
  5 adders
  2 worms
  2 dart slugs
  15 orcs
  3 bats
  2 endoplasms
  3 giant cockroaches
  8 goblins
  5 hobgoblins
  A jackal (D:4)
  6 kobolds
  5 quokkas
  7 ball pythons
  A frilled lizard (D:1)
  6 rats
93 creatures vanquished.

Vanquished Creatures (others)
  A wizard (D:3)
  342 foxfires
343 creatures vanquished.

Grand Total: 436 creatures vanquished

Notes
Turn   | Place    | Note
-------+----------+-------------------------------------------
     0 | D:1      | kae the Tengu Fire Elementalist began the quest for the
                  | Orb.
     0 | D:1      | Reached XP level 1. HP: 10/10 MP: 4/4
   225 | D:1      | Reached XP level 2. HP: 5/15 MP: 0/6
   428 | D:1      | Learned a level 2 spell: Scorch
   553 | D:1      | Found a faded altar of an unknown god.
  1133 | D:1      | Reached XP level 3. HP: 15/19 MP: 4/7
  1399 | D:2      | Found Jiaf's Book Shoppe.
  1783 | D:2      | Noticed Terence
  2297 | D:2      | Learned a level 3 spell: Conjure Flame
  2468 | D:3      | Found a bloodstained altar of Trog.
  2469 | D:3      | Noticed a wizard
  2475 | D:3      | Killed a wizard
  3232 | D:3      | Reached XP level 4. HP: 6/24 MP: 1/8
  3952 | D:3      | Gained mutation: Your magical nature lets you fly swiftly
                  | and evasively. [Tengu growth]
  3952 | D:3      | Reached XP level 5. HP: 25/28 MP: 6/10
  4622 | D:4      | Found Oxkuc's Distillery.
  4627 | D:4      | Bought a potion of curing for 30 gold pieces
  4627 | D:4      | Bought a potion of might for 40 gold pieces
  4627 | D:4      | Bought a potion of ambrosia for 80 gold pieces
  5471 | D:5      | Entered Level 5 of the Dungeon
  5531 | D:5      | Noticed a phantom
  5538 | D:5      | Killed a phantom
  5539 | D:5      | Reached XP level 6. HP: 27/32 MP: 6/11
  5887 | D:5      | Found an iron altar of Okawaru.
  5944 | D:5      | Found a staircase to the Ecumenical Temple.
  5956 | D:5      | Reached XP level 7. HP: 36/36 MP: 10/13
  6079 | D:5      | Found Ozebinut's Armour Shoppe.
  6121 | Temple   | Entered the Ecumenical Temple
  6211 | Temple   | Became a worshipper of Vehumet
  6454 | D:5      | Reached skill level 5 in Fire Magic
  6574 | D:5      | Found Mezoahod's Armour Boutique.
  6585 | D:5      | Found Ucruc's Antique Armour Shoppe.
  6734 | D:5      | Identified the +1 scale mail "Dathroz" {Dex+4 Stlth+}
  7049 | D:6      | Found Waenitid's Armour Shoppe.
  7050 | D:6      | Found Caezas's General Store.
  7052 | D:6      | Found Pies Nost's Weapon Boutique.
  7072 | D:6      | Reached skill level 5 in Conjurations
  7221 | D:6      | Found a hide-covered altar of Uskayaw.
  7244 | D:6      | Reached XP level 8. HP: 41/41 MP: 13/15
  7339 | D:6      | Reached skill level 5 in Dodging
  7473 | D:6      | Noticed a kobold demonologist
  7488 | D:6      | Killed a kobold demonologist
  7489 | D:6      | Reached skill level 5 in Stealth
  7492 | D:6      | Noticed a manticore
  7495 | D:6      | Mangled by a manticore

Illustrated notes

Levels and vault maps discovered:
D:1:      minmay_arrival_radiant_lines, layout_basic,
          hellmonk_ecumenical_altar_pennies_from_heaven
D:2:      layout_loops_ring, serial_shops, shop, nrook_mini_vaults, uniq_terence
D:3:      layout_loops_ring, trog_wizard
D:4:      minmay_door_path, layout_basic, serial_shops,
          nicolae_shop_hallway_plus
D:5:      layout_basic, general_overflow_altar, minmay_temple_entry_ruins,
          serial_shops, nicolae_diamond_shop, shop, shop_statue
D:6:      minmay_cornered_nines, layout_basic, kennysheep_mini_moat,
          nicolae_wooded_promenade
Temple:   regret_index_temple_waves

Skill      XL: |  1  2  3  4  5  6  7  8 |
---------------+-------------------------+-----
Conjurations   | 2 3 4 5 |  5.8
Dodging        | 3 4 5 |  5.3
Stealth        | 3 4 5 |  5.1
Fire Magic     | 4 5 |  5.9
Spellcasting   | 3 4 |  4.4

Action                   |  1- 3 |  4- 6 |  7- 9 || total
-------------------------+-------+-------+-------++-------
Melee: Unarmed           |    11 |       |       ||    11
       Peck              |     4 |       |     3 ||     7
       Kick              |     7 |       |     2 ||     9
       Short sword       |    20 |     5 |    11 ||    36
       Punch             |       |       |     1 ||     1
 Cast: Foxfire           |    71 |    94 |    41 ||   206
       Scorch            |     8 |    20 |    16 ||    44
       Conjure Flame     |       |     2 |     1 ||     3
  Use: Scroll            |     2 |     8 |     1 ||    11
       Potion            |       |       |     2 ||     2
 Stab: Sleeping          |     3 |       |       ||     3
Armor: Robe              |    11 |     6 |       ||    17
       Scale mail        |       |       |    14 ||    14
Dodge: Dodged            |    32 |    18 |    17 ||    67

Table legend: (Time is in decaauts)
 A = Elapsed time spent in this place.
 B = Non-inter-level travel time spent in this place.
 C = Inter-level travel time spent in this place.
 D = Time resting spent in this place.
 E = Time spent auto-exploring this place.
 F = Levels seen in this place.
 G = Mean time per level.
                   A        B        C        D        E       F      G
               +--------+--------+--------+--------+--------+-----+--------+
         Total |   7274 |   6894 |    380 |    427 |   5412 |   7 | 1039.1 |
       Dungeon |   7178 |   6818 |    360 |    427 |   5348 |   6 | 1196.3 |
        Temple |     96 |     77 |     19 |      0 |     64 |   1 |   96.0 |
               +--------+--------+--------+--------+--------+-----+--------+

Top non-repeatable levels by time:
     D:3: 1803 daAuts
     D:1: 1615 daAuts
     D:5: 1172 daAuts
     D:4: 1124 daAuts
     D:2: 881 daAuts
     D:6: 580 daAuts
  Temple: 96 daAuts
